 Dungeon Crawl Stone Soup version 0.26-a0-466-g989023bd0d (webtiles) character file.

Game seed: 17167410979411171210

3399 gruber the Destroyer (level 10, 0/68 HPs)
             Began as an Octopode Conjurer on Aug 7, 2020.
             Was a Believer of Vehumet.
             Slain by a freezing wraith (3 damage)
             ... led by a death knight
             ... on level 8 of the Dungeon.
             The game lasted 00:13:26 (11479 turns).

gruber the Destroyer (Octopode Conjurer)           Turns: 11479, Time: 00:13:26

Health: 0/68       AC:  2    Str:  6    XL:     10   Next: 4%
Magic:  11/16      EV: 15    Int: 25    God:    Vehumet [**....]
Gold:   542        SH:  5    Dex: 10    Spells: 11/17 levels left

rFire    . . .     SeeInvis .   a - staff of conjuration
rCold    . . .     Faith    .   (no shield)
rNeg     . . .     Spirit   .   z - +1 hat
rPois    .         Reflect  +   e - amulet of reflection (curse)
rElec    .         Harm     .   (no ring)
rCorr    .                      (no ring)
MR       .....                  (no ring)
Stlth    +++.......             (no ring)
HPRegen  0.21/turn              (no ring)
MPRegen  0.15/turn              (no ring)
                                (no ring)
                                (no ring)

@: slowed, very slow
A: almost no armour, stealthy swim, amphibious, 8 rings, constrict 8, camouflage
1, gelatinous body 1
a: Renounce Religion


You were on level 8 of the Dungeon.
You worshipped Vehumet.
Vehumet was pleased with you.
You visited 2 branches of the dungeon, and saw 10 of its levels.

You collected 591 gold pieces.
You spent 49 gold pieces at shops.

Inventory:

Hand Weapons
 u - a +1 short sword of flaming
 F - a +5 spear
Missiles
 b - 58 poisoned darts (quivered)
Armour
 z - a +1 hat (worn)
Magical Staves
 a - an uncursed staff of conjuration (weapon)
Jewellery
 e - a cursed amulet of reflection (around mantle)
 l - an uncursed ring of fire
Wands
 o - a wand of polymorph (10)
 q - a wand of random effects (21)
 A - a wand of flame (18)
 C - a wand of enslavement (9)
Scrolls
 d - 3 scrolls of amnesia
 g - 4 scrolls of teleportation
 i - 2 scrolls of identify
 m - 2 scrolls of blinking {unknown}
 r - a scroll of fear {unknown}
 s - 2 scrolls of enchant armour
 v - a scroll of fog {unknown}
 w - a scroll of torment {unknown}
 y - 2 scrolls of enchant weapon {unknown}
 D - 2 scrolls of random uselessness {unknown}
Potions
 c - 5 potions of curing
 f - 3 potions of brilliance
 h - 3 potions of lignification
 j - a potion of invisibility
 k - 3 potions of haste
 n - 3 potions of magic
 p - 2 potions of stabbing {unknown}
 t - a potion of heal wounds
 x - 4 potions of might
 B - a potion of resistance {unknown}
 E - 2 potions of flight {unknown}
 G - 2 potions of berserk rage {unknown}


   Skills:
 + Level 5.9 Fighting
 - Level 6.0 Dodging
 - Level 2.6 Stealth
 - Level 4.0 Spellcasting
 - Level 11.0 Conjurations


You had 11 spell levels left.
You knew the following spells:

 Your Spells              Type           Power        Failure   Level
a - Magic Dart            Conj           ####         1%          1
b - Searing Ray           Conj           ######       1%          2
c - Dazzling Flash        Conj/Hex       #####.       2%          3

Your spell library contained the following spells:

 Spells                   Type           Power        Failure   Level
 Shock                    Conj/Air       ####         1%          1
 Animate Skeleton         Necr           #.....       9%          1
 Apportation              Tloc           #.....       9%          1
 Beastly Appendage        Tmut           #.....       9%          1
 Corona                   Hex            #......      9%          1
 Summon Small Mammal      Summ           #...         9%          1
 Fulminant Prism          Conj/Hex       #####.....   10%         4
 Iskenderun's Mystic Bla  Conj/Tloc      #####...     10%         4
 Wereblood                Tmut           #.......     14%         2
 Spider Form              Tmut/Pois      #.........   26%         3
 Ice Form                 Ice/Tmut       #.......     65%         4
 Blade Hands              Tmut           #.........   94%         5


Dungeon Overview and Level Annotations

Branches:
Dungeon (9/15)             Temple (1/1) D:6            Lair (0/6) D:8
    Orc: D:9-12

Altars:
Hepliaklqana
Vehumet
Wu Jian
Xom
Yredelemnul

Shops:
D:4 =


Innate Abilities, Weirdness & Mutations

You cannot wear most types of armour.
You are very stealthy in the water. (Stealth+)
You are amphibious.
You can wear up to eight rings at the same time.
You can use your tentacles to constrict eight enemies at once.
Your skin changes colour to match your surroundings (Stealth+).
Your rubbery body absorbs attacks. (AC +1, EV +1)


Message History

Unknown command.
The searing ray hits the freezing wraith.
The freezing wraith is severely damaged.
The freezing wraith barely misses you. You block the freezing wraith's attack.
The freezing wraith hits you! The freezing wraith freezes you!
The freezing wraith hits you! The freezing wraith drains your vigour!
You feel as though you will be slow longer.
The searing ray hits the freezing wraith!
The freezing wraith is almost destroyed.
The freezing wraith hits you!
* * * LOW HITPOINT WARNING * * *
The freezing wraith freezes you!
* * * LOW HITPOINT WARNING * * *
The freezing wraith barely misses you.
Unknown command.
The searing ray hits the freezing wraith.
The freezing wraith is almost destroyed.
You finish channeling your searing ray.
The freezing wraith misses you. The freezing wraith hits you.
You die...

....(.....###....#.####.#
..........# #.........#.#
.###.#....###..#.####.#.########
.# #.####.#....................#
## #.####.####.#.#......#......#
.# #.##.................#......#
.# #.##.######...#....#.#......#
.# #.##.#######..###..#.#......#
.# #.#..........@.....#.#......#
.# #.#..##.......W##...........#
.# #.#..##.)..[...##.##........#
.#
#.#..##........##.####.#######
.#
#.#..##.......................
<#
#.#.............######.#######
.###'#.########.##.# #.......#
.......# #.....##.# #.......#
.......####.######.# #.......#


You could see a freezing wraith.

Vanquished Creatures
  A hippogriff (D:8)
  A wyvern (D:9)
  4 phantoms
  2 black bears
  2 orc warriors
  A sky beast (D:9)
  An ice beast (D:8)
  A necrophage (D:8)
  6 centaurs
  An ogre (D:7)
  A bullfrog (D:6)
  A wyvern skeleton (D:7)
  5 scorpions
  A centaur zombie (D:8)
  A quasit (D:8)
  4 hounds
  A jelly (D:9)
  7 orc priests
  2 bullfrog skeletons
  A centaur skeleton (D:4)
  4 orc wizards
  Jessica (D:3)
  An iguana (D:7)
  5 worker ants
  A hound skeleton (D:4)
  2 worker ant zombies
  7 gnolls (D:8)
  11 adders
  2 shadow imps
  A white imp (D:9)
  An ufetubus (D:5)
  3 oozes
  An adder skeleton (D:5)
  An adder zombie (D:7)
  5 worms
  A dart slug (D:2)
  5 leopard geckos
  17 orcs
  7 bats
  3 goblins
  3 hobgoblins
  4 jackals (D:9)
  4 quokkas
  2 ball pythons
  A ball python zombie (D:5)
  6 frilled lizards
  A jackal skeleton (D:6)
  8 kobolds
  A leopard gecko skeleton (D:7)
  3 quokka skeletons
  5 rats
161 creatures vanquished.

Notes
Turn   | Place    | Note
-------+----------+-------------------------------------------
     0 | D:1      | gruber the Octopode Conjurer began the quest for the Orb.
     0 | D:1      | Reached XP level 1. HP: 11/11 MP: 3/3
   539 | D:1      | Reached XP level 2. HP: 17/17 MP: 3/5
  1313 | D:1      | Learned a level 2 spell: Searing Ray
  1674 | D:2      | Reached XP level 3. HP: 21/21 MP: 3/6
  1771 | D:2      | Reached skill level 5 in Conjurations
  2574 | D:2      | Reached XP level 4. HP: 12/27 MP: 2/7
  3744 | D:3      | Learned a level 3 spell: Dazzling Flash
  3936 | D:3      | Noticed Jessica
  3942 | D:3      | Killed Jessica
  3942 | D:3      | Reached XP level 5. HP: 31/31 MP: 4/9
  4412 | D:4      | Reached skill level 6 in Conjurations
  4523 | D:4      | Noticed a phantom
  4531 | D:4      | Killed a phantom
  4531 | D:4      | Reached XP level 6. HP: 36/36 MP: 2/11
  4678 | D:4      | Found Oniruxt's Jewellery Emporium.
  4686 | D:4      | Bought a cursed ring of attention for 49 gold pieces
  4935 | D:4      | Found an ornate altar of the Wu Jian Council.
  4988 | D:5      | Entered Level 5 of the Dungeon
  5018 | D:5      | Reached skill level 7 in Conjurations
  5286 | D:5      | Noticed a phantom
  5294 | D:5      | Killed a phantom
  5294 | D:5      | Reached XP level 7. HP: 41/41 MP: 4/13
  5860 | D:5      | Reached skill level 8 in Conjurations
  6803 | D:5      | Reached XP level 8. HP: 45/46 MP: 11/14
  6806 | D:5      | Reached skill level 9 in Conjurations
  7345 | D:6      | Found a staircase to the Ecumenical Temple.
  7357 | Temple   | Entered the Ecumenical Temple
  7376 | Temple   | Became a worshipper of Vehumet
  8174 | D:7      | Reached skill level 10 in Conjurations
  9093 | D:7      | Reached skill level 11 in Conjurations
  9093 | D:7      | Reached XP level 9. HP: 51/51 MP: 7/15
  9289 | D:8      | Reached skill level 1 in Fighting
  9304 | D:8      | Reached * piety under Vehumet
  9304 | D:8      | Offered knowledge of Freeze by Vehumet.
  9411 | D:8      | Found a shimmering altar of Xom.
  9411 | D:8      | Found a shimmering altar of Xom.
  9412 | D:8      | Found a shimmering altar of Xom.
  9412 | D:8      | Found a shimmering altar of Xom.
  9412 | D:8      | Found a shimmering altar of Xom.
  9412 | D:8      | Found a shimmering altar of Xom.
  9952 | D:8      | Found a staircase to the Lair.
 10164 | D:8      | Noticed a shadow dragon
 10207 | D:8      | Reached skill level 5 in Dodging
 11076 | D:9      | Offered knowledge of Shock by Vehumet.
 11163 | D:9      | Reached ** piety under Vehumet
 11163 | D:9      | Reached skill level 5 in Fighting
 11230 | D:9      | Reached XP level 10. HP: 68/68 MP: 13/16
 11423 | D:9      | Noticed a death knight
 11438 | D:9      | Noticed a skeletal warrior
 11478 | D:8      | HP: 3/68 [freezing wraith[a death knight] (10)]
 11479 | D:8      | Slain by a freezing wraith

Illustrated notes

Levels and vault maps discovered:
D:1:      minmay_arrival_floating_metal, layout_loops_cross
D:2:      layout_basic, serial_curves, eino_curves_03, eino_curves_01,
          eino_curves_03, eino_curves_03
D:3:      layout_basic, uniq_jessica
D:4:      layout_rooms, overflow_temple_1_default, serial_shops, shop
D:5:      layout_layer_cave, minmay_joined_circles
D:6:      layout_basic, minmay_temple_entry_statues_fountains
D:7:      layout_rooms
D:8:      layout_basic, lair_entry_dummy, xom_shifter_show
D:9:      layout_long_grid
Temple:   minmay_crystal_snake_temple

Skill      XL: |  1  2  3  4  5  6  7  8  9 |
---------------+----------------------------+-----
Conjurations   | 5 6 7 8 11 | 11.0
Spellcasting   | 3 4 |  4.0
Fighting       | 5 |  5.9
Dodging        | 6 |  6.0
Stealth        | |  2.6

Action                   |  1- 3 |  4- 6 |  7- 9 | 10-12 || total
-------------------------+-------+-------+-------+-------++-------
Melee: Unarmed           |    45 |    10 |       |       ||    55
       Constrict         |     8 |     2 |     4 |       ||    14
       Tentacles         |     1 |       |     4 |       ||     5
       Staff             |       |       |     9 |       ||     9
       Spear             |       |       |    10 |       ||    10
 Cast: Magic Dart        |    23 |       |    20 |       ||    43
       Searing Ray       |    12 |    28 |    72 |     6 ||   118
  Use: Scroll            |     4 |     3 |     9 |       ||    16
 Stab: Sleeping          |     2 |       |     4 |       ||     6
       Distracted        |       |       |     1 |       ||     1
Armor: Skin              |     7 |     2 |     7 |     1 ||    17
Dodge: Dodged            |    52 |     9 |    52 |     8 ||   121
Block: Other             |       |     1 |    23 |     3 ||    27
       Reflection        |       |     1 |     4 |       ||     5

Table legend: (Time is in decaauts)
 A = Elapsed time spent in this place.
 B = Non-inter-level travel time spent in this place.
 C = Inter-level travel time spent in this place.
 D = Time resting spent in this place.
 E = Time spent auto-exploring this place.
 F = Levels seen in this place.
 G = Mean time per level.
                   A        B        C        D        E       F      G
               +--------+--------+--------+--------+--------+-----+--------+
         Total |  11479 |  11197 |    282 |    795 |   9205 |  10 | 1147.9 |
       Dungeon |  11452 |  11178 |    274 |    795 |   9188 |   9 | 1272.4 |
        Temple |     26 |     19 |      7 |      0 |     17 |   1 |   26.0 |
               +--------+--------+--------+--------+--------+-----+--------+

Top non-repeatable levels by time:
     D:2: 2384 daAuts
     D:5: 2194 daAuts
     D:1: 1354 daAuts
     D:8: 1243 daAuts
     D:7: 1207 daAuts
     D:6: 954 daAuts
     D:9: 868 daAuts
     D:3: 667 daAuts
     D:4: 578 daAuts
  Temple: 26 daAuts
